 Dungeon Crawl Stone Soup version 0.27-a0-909-g0721f309d1 (webtiles) character file.

Game seed: 18160335620119137848

2 leviel the Skirmisher (level 1, -16/20 HPs)
             Began as a Hill Orc Fighter on Apr 8, 2021.
             Demolished by a kobold
             ... wielding a +0 whip of electrocution
              (19 damage)
             ... on level 1 of the Dungeon.
             The game lasted 00:00:49 (83 turns).

leviel the Skirmisher (Hill Orc Fighter)              Turns: 83, Time: 00:00:49

Health: -16/20     AC:  6    Str: 18    XL:     1   Next: 40%
Magic:  1/1        EV:  7    Int:  8    God:
Gold:   0          SH:  9    Dex: 10    Spells: 0/0 levels left

rFire    . . .     SeeInvis .   a - +0 long sword
rCold    . . .     Faith    .   c - +0 kite shield
rNeg     . . .     Spirit   .   b - +0 scale mail
rPois    .         Reflect  .   (no helmet)
rElec    .         Harm     .   (no cloak)
rCorr    .         Rampage  .   (no gloves)
Will     .....                  (no boots)
Stlth    ..........             (no amulet)
HPRegen  0.06/turn              (no ring)
MPRegen  0.07/turn              (no ring)

@: very slightly contaminated, invisible
A: no striking features
a: no special abilities


You were on level 1 of the Dungeon.
You visited 1 branch of the dungeon, and saw 1 of its levels.

Inventory:

Hand Weapons
 a - a +0 long sword (weapon)
Armour
 b - a +0 scale mail (worn)
 c - a +0 kite shield (worn)
Jewellery
 e - an amulet of reflection
Scrolls
 g - a scroll of identify {unknown}
Potions
 d - a potion of might


   Skills:
 * Level 3.9 Fighting
 - Level 2.1 Long Blades
 - Level 3.2 Armour
 - Level 3.2 Shields


You couldn't memorise any spells.
You didn't know any spells.
Your spell library was empty.

Dungeon Overview and Level Annotations

Branches:
Dungeon (1/15)

Altars:


Message History

You see here 17 poisoned darts.
g - a scroll labelled GENI XIPRYPHYC You see here 17 poisoned darts.
A goblin comes into view. It is wielding a +0 dagger.
The goblin shouts!
A kobold comes into view.
It is wielding a +0 whip of electrocution.
There are monsters nearby!
The kobold shouts!
You hear an angry hiss.
You hear a shout!
A ball python comes into view.
A goblin comes into view. It is wielding a +0 club.
The goblin shouts!
The goblin hits you but does no damage.
You hit the goblin.
You kill the goblin!
You block the kobold's attack.
You hit the kobold.
The kobold is severely wounded.
The kobold hits you with a +0 whip of electrocution.
You are electrocuted!
Ouch! That really hurt!
* * * LOW HITPOINT WARNING * * *
The kobold misses you.
You riposte.
You closely miss the kobold.
The kobold is severely wounded.
It was a potion of invisibility.
You fade into invisibility!
You block the ball python's attack.
You are very lightly contaminated with residual magic.
You barely miss the ball python. You block the ball python's attack. x2
You slash the ball python!
You kill the ball python!
You block the kobold's attack.
You closely miss the kobold.
The kobold is severely wounded.
The kobold barely misses you.
You riposte.
You closely miss the kobold.
The kobold is severely wounded.
You closely miss the kobold.
The kobold is severely wounded.
The kobold hits you but does no damage.
You are electrocuted!!
Ouch! That really hurt!
You die...

♣♣..♣ #)⌠..'.
♣♣...♣ #....#.
♣....♣♣♣#....#.
♣......♣###..#.
#♣.......♣♣####.
###..........♣♣ #.
#.............♣♣##
#.######♣......♣♣♣
#@# #####..... #K#
###♣♣. #g.......
♣♣ #........ #
#........
#........
#........
+........
#........


You could see a goblin and a kobold.

Vanquished Creatures
  A ball python (D:1)
  A goblin (D:1)
2 creatures vanquished.

Notes
Turn   | Place    | Note
-------+----------+-------------------------------------------
     0 | D:1      | leviel the Hill Orc Fighter began the quest for the Orb.
     0 | D:1      | Reached XP level 1. HP: 19/19 MP: 1/1
    83 | D:1      | Demolished by a kobold

Illustrated notes

Levels and vault maps discovered:
D:1:      sevenhm_arrival_forest_fort_large_2, layout_basic,
          amcnicky_mini_rare_corridor_liquid

Action                   || total
-------------------------++-------
Melee: Long sword        ||     6
  Use: Potion            ||     1
Armor: Scale mail        ||     2
Dodge: Dodged            ||     2
Block: Kite shield       ||     5
       Rpst.: Long sword ||     2

Table legend: (Time is in decaauts)
 A = Elapsed time spent in this place.
 B = Non-inter-level travel time spent in this place.
 C = Inter-level travel time spent in this place.
 D = Time resting spent in this place.
 E = Time spent auto-exploring this place.
 F = Levels seen in this place.
 G = Mean time per level.
                   A        B        C        D        E       F      G
               +--------+--------+--------+--------+--------+-----+--------+
         Total |     85 |     85 |      0 |      0 |     68 |   1 |   85.0 |
       Dungeon |     85 |     85 |      0 |      0 |     68 |   1 |   85.0 |
               +--------+--------+--------+--------+--------+-----+--------+

Top non-repeatable levels by time:
     D:1: 85 daAuts
